 Dungeon Sprint DCSS version 0.22.1-1-ga44c0e56f4 (webtiles) character file.

8099 MuseOD the Unseen (level 11, -2/64 HPs)
             Began as a Spriggan Enchanter on Sept 28, 2018.
             Was a High Priest of Dithmenos.
             Slain by a spiny frog (26 damage)
             ... in the Dungeon (Sprint III: "The Ten Rune Challenge").
             The game lasted 00:05:44 (1910 turns).

MuseOD the Unseen (Spriggan Enchanter)              Turns: 1910, Time: 00:05:45

Health: -2/64      AC:  4    Str:  4    XL:     11   Next: 5%
Magic:  10/26      EV: 18    Int: 20    God:    Dithmenos [*****.]
Gold:   29         SH:  0    Dex: 17    Spells: 19/31 levels left

rFire    . . .     SeeInvis +   i - +5 dagger (flame)
rCold    + . .     Gourm    .   (shield restricted)
rNeg     . . .     Faith    .   k - +2 robe {rC+}
rPois    .         Spirit   .   (helmet restricted)
rElec    .         Reflect  .   (no cloak)
rCorr    .         Harm     .   (gloves unavailable)
MR       +....     NoTele   +   (boots unavailable)
Stlth    ++++++++++             (no amulet)
HPRegen  0.20/turn              (no ring)
MPRegen  0.20/turn              (no ring)

@: lethally poisoned (-2 -> -8), wreathed by umbra, very quick
A: very small, unfitting armour, see invisible, herbivore, speed 3, slow
metabolism 2
a: Shadow Step, Shadow Form, Renounce Religion


You were in the Dungeon.
You worshipped Dithmenos.
Dithmenos was extremely pleased with you.
You were not hungry.

You visited 1 branch You collected 29 gold pieces.

Inventory:

Hand Weapons
 a - a +1 dagger
 i - a +5 dagger of flaming (weapon)
Armour
 b - a +0 robe
 k - a +2 robe of cold resistance (worn)
Scrolls
 c - 4 scrolls of remove curse
 j - a scroll of blinking
 m - a scroll of immolation {unknown}
 n - 4 scrolls of identify
 p - a scroll of holy word {unknown}
Potions
 f - 2 potions of heal wounds
 g - a potion of haste
 h - 2 potions of magic
 l - 2 potions of mutation {unknown}
 o - 4 potions of flight
 q - a potion of lignification {unknown}
 s - 2 potions of might
Comestibles
 d - 4 rations


   Skills:
 + Level 10.3 Fighting
 * Level 17.6 Short Blades
 - Level 3.0 Dodging
 + Level 17.9 Stealth
 + Level 10.8 Spellcasting
 + Level 10.8 Hexes


You had 19 spell levels left.
You knew the following spells:

 Your Spells              Type           Power        Failure   Level  Hunger
a - Corona                Hex            ######.      1%          1    None
b - Ensorcelled Hibernat  Hex/Ice        ####..       1%          2    None
c - Confuse               Hex            ######..     1%          3    None
d - Dazzling Spray        Conj/Hex       ####..       1%          3    None
e - Mephitic Cloud        Conj/Pois/Air  ##......     19%         3    None

Your spell library contained the following spells:

 Spells                   Type           Power        Failure   Level  Hunger
 Confusing Touch          Hex            ######       1%          1    None
 Slow                     Hex            ######..     1%          2    None
 Tukima's Dance           Hex            ######..     1%          3    None
 Animate Skeleton         Necr           N/A          6%          1    None
 Apportation              Tloc           ##....       6%          1    None
 Magic Dart               Conj           ##..         6%          1    None
 Summon Small Mammal      Summ           ##..         6%          1    None
 Blink                    Tloc           N/A          10%         2    None
 Call Imp                 Summ           ##......     10%         2    None
 Conjure Flame            Conj/Fire      ##......     19%         3    None


Dungeon Overview and Level Annotations

Branches:
Dungeon (1/1)

Altars:
Dithmenos
Elyvilon
Kikubaaqudgha
Okawaru
Ru
Sif Muna
Trog
Uskayaw
Vehumet
Wu Jian
Yredelemnul
Zin
The Shining One
Beogh


Innate Abilities, Weirdness & Mutations

You are very small and have problems with some larger weapons.
You are too small for most types of armour.
You have supernaturally acute eyesight. (SInv)
You are a herbivore.
You cover ground extremely quickly.
You need to consume almost no food.


Message History

The helpless spiny frog fails to defend itself.
You spit the spiny frog like a pig!!!!! You burn the spiny frog.
You kill the spiny frog!
Dithmenos accepts your kill.
You feel sick.
Casting: Ensorcelled Hibernation (safe; 1% risk of failure)
Confirm with . or Enter, or press ? or * to list all spells.
Aiming: Ensorcelled Hibernation (safe; 1% risk of failure)
Press: ? - help, Shift-Dir - straight line, f - spiny frog
Aim: a spiny frog (umbra, chance to defeat MR: 61%)
The spiny frog resists with significant effort.
You feel sick. The spiny frog misses you.
Casting: Ensorcelled Hibernation (safe; 1% risk of failure)
Confirm with . or Enter, or press ? or * to list all spells.
Aiming: Ensorcelled Hibernation (safe; 1% risk of failure)
Press: ? - help, Shift-Dir - straight line, f/p - spiny frog
Aim: a spiny frog (umbra, chance to defeat MR: 61%)
The spiny frog resists with significant effort.
You feel sick. The spiny frog stings you!!
You die...

≈≈≈≈≈≈♣♣.#...######'#
≈≈≈≈≈....#.⌠.#
#...#+###########
≈≈≈≈.....#...#
#...#..§§§§§#))..
≈≈.......#'###
#...#.#§§§#§#.#..
.........#.))#
#...'.#§§.#.#.#..
.........#___#
+...#.#.§§#.(.#..
▓▓▓▓▓▓▓▓▓▓▓▓▓▓
▓▓▓▓▓▓▓▓▓▓▓▓▓▓▓▓▓
♣♣≈≈≈........≈≈≈..
+♣♣@♣≈≈≈≈≈≈≈≈≈≈≈≈♣♣.
#.F♣♣♣♣♣♣♣♣♣♣♣♣♣♣♣♣P
#..♣ ♣♣ ###+


You could see a spiny frog.

Vanquished Creatures
  Harold (D)
  Josephine (D)
  2 yaktaur captains (D)
  A centaur warrior (D)
  An unseen horror (D)
  Joseph (D)
  A deep elf mage (D)
  A spiny frog (D)
  A yaktaur (D)
  A komodo dragon (D)
  3 wandering mushrooms (D)
  A shadow (D)
  A necrophage (D)
  2 centaurs (D)
  An earth elemental (D)
  A water elemental (D)
  A jelly (D)
  A wizard (D)
  Jessica (D)
  A necromancer (D)
  3 humans (D)
  A kobold demonologist (D)
  An ooze (D)
  A phantom (D)
  2 rats (D)
  2 ballistomycetes (D)
  A ballistomycete spore (D)
35 creatures vanquished.

Vanquished Creatures (others)
  2 draconian scorchers (D)
  2 hydras (D)
  6 hellions (D)
  2 yaktaurs (D)
  2 plants (D)
14 creatures vanquished.

Grand Total: 49 creatures vanquished

Notes
Turn   | Place    | Note
-------+----------+-------------------------------------------
     0 | D        | MuseOD the Spriggan Enchanter began the quest for the Orb.
     0 | D        | Reached XP level 1. HP: 9/9 MP: 5/5
     4 | D        | Reached skill level 1 in Fighting
     4 | D        | Reached skill level 5 in Stealth
    95 | D        | Noticed Jessica
   106 | D        | Killed Jessica
   106 | D        | Reached XP level 2. HP: 15/15 MP: 6/6
   106 | D        | Reached XP level 3. HP: 18/18 MP: 8/8
   113 | D        | Killed a hellion
   113 | D        | Killed a hellion
   117 | D        | Killed a hellion
   119 | D        | Killed a hellion
   119 | D        | Killed a hellion
   122 | D        | Killed a yaktaur
   170 | D        | Killed a white draconian scorcher
   193 | D        | Killed a white draconian scorcher
   236 | D        | Learned a level 2 spell: Ensorcelled Hibernation
   240 | D        | Learned a level 3 spell: Confuse
   315 | D        | Killed a hellion
   325 | D        | Reached skill level 5 in Short Blades
   421 | D        | Noticed a water elemental
   424 | D        | Killed a water elemental
   424 | D        | Reached XP level 4. HP: 25/25 MP: 9/9
   432 | D        | Found a basalt altar of Yredelemnul.
   432 | D        | Found a shadowy altar of Dithmenos.
   432 | D        | Found a sacrificial altar of Ru.
   432 | D        | Noticed a necrophage
   437 | D        | Killed a necrophage
   437 | D        | Reached XP level 5. HP: 24/29 MP: 10/10
   450 | D        | Reached skill level 10 in Stealth
   456 | D        | Became a worshipper of Dithmenos the Shadowed
   532 | D        | Found a glowing silver altar of Zin.
   532 | D        | Found a glowing golden altar of the Shining One.
   532 | D        | Found a white marble altar of Elyvilon.
   532 | D        | Noticed a deep elf mage
   535 | D        | Killed a deep elf mage
   535 | D        | Reached XP level 6. HP: 36/36 MP: 11/11
   535 | D        | Reached XP level 7. HP: 40/40 MP: 12/12
   541 | D        | Found a hide-covered altar of Uskayaw.
   541 | D        | Found a roughly hewn altar of Beogh.
   541 | D        | Found an iron altar of Okawaru.
   541 | D        | Found a bloodstained altar of Trog.
   541 | D        | Found an ornate altar of the Wu Jian Council.
   541 | D        | Noticed a human
   541 | D        | Noticed a human
   544 | D        | Killed a human
   545 | D        | Killed a human
   545 | D        | Reached * piety under Dithmenos
   562 | D        | Found a radiant altar of Vehumet.
   562 | D        | Found a deep blue altar of Sif Muna.
   562 | D        | Found an ancient bone altar of Kikubaaqudgha.
   579 | D        | Learned a level 3 spell: Dazzling Spray
   733 | D        | Noticed a shadow
   735 | D        | Killed a shadow
   735 | D        | Reached ** piety under Dithmenos
   735 | D        | Reached XP level 8. HP: 45/45 MP: 12/14
   747 | D        | Noticed Josephine
   818 | D        | Killed Josephine
   818 | D        | Reached skill level 5 in Spellcasting
  1029 | D        | Learned a level 3 spell: Mephitic Cloud
  1045 | D        | Reached XP level 9. HP: 48/51 MP: 18/18
  1050 | D        | Noticed a centaur warrior
  1064 | D        | Killed a centaur warrior
  1064 | D        | Reached *** piety under Dithmenos
  1064 | D        | Reached skill level 15 in Short Blades
  1064 | D        | Reached skill level 15 in Stealth
  1087 | D        | Killed a yaktaur
  1275 | D        | Noticed an unseen horror
  1277 | D        | Killed an unseen horror
  1286 | D        | Noticed Harold
  1286 | D        | Noticed Joseph
  1288 | D        | Killed Joseph
  1289 | D        | Killed Harold
  1289 | D        | Reached **** piety under Dithmenos
  1289 | D        | Reached XP level 10. HP: 54/58 MP: 17/24
  1329 | D        | Noticed a yaktaur captain
  1329 | D        | Noticed a yaktaur captain
  1470 | D        | Killed a yaktaur captain
  1670 | D        | Killed a yaktaur captain
  1670 | D        | Reached skill level 10 in Fighting
  1670 | D        | Reached skill level 10 in Spellcasting
  1670 | D        | Reached skill level 10 in Hexes
  1705 | D        | Reached ***** piety under Dithmenos
  1776 | D        | Killed a six-headed hydra
  1807 | D        | Killed a six-headed hydra
  1897 | D        | Noticed a spiny frog
  1897 | D        | Noticed a spiny frog
  1905 | D        | Reached XP level 11. HP: 28/63 MP: 17/26
  1910 | D        | Slain by a spiny frog

Skill      XL: |  1  2  3  4  5  6  7  8  9 10 |
---------------+-------------------------------+-----
Fighting       | 2 3 4 6 7 8 9 10 | 10.3
Short Blades   | 4 7 8 11 13 14 16 17 | 17.6
Stealth        | 6 8 9 12 13 14 16 17 | 17.9
Spellcasting   | 3 5 9 10 | 10.8
Hexes          | 4 6 9 10 | 10.8
Dodging        | |  3.0

Action                   |  1- 3 |  4- 6 |  7- 9 | 10-12 || total
-------------------------+-------+-------+-------+-------++-------
Melee: Dagger            |    13 |    16 |    29 |    17 ||    75
 Cast: Ensorcelled Hiber |     3 |       |     2 |     8 ||    13
       Confuse           |     1 |     1 |     4 |    11 ||    17
       Dazzling Spray    |       |       |     4 |     1 ||     5
       Mephitic Cloud    |       |       |     1 |       ||     1
Invok: Shadow Step       |       |       |     1 |       ||     1
  Use: Potion            |     1 |       |     2 |       ||     3
 Stab: Sleeping          |     4 |     1 |    10 |     2 ||    17
       Confused          |     2 |       |     2 |       ||     4
Dodge: Dodged            |     3 |     6 |    12 |     9 ||    30
